 Dungeon Crawl Stone Soup version 0.28.0-43-g3370ac3207 (webtiles) character file.

Game seed: 357272015237930484

35 Peloso the Covered (level 3, -1/33 HPs)
             Began as a Minotaur Fighter on Mar 17, 2022.
             Succumbed to an adder's poison
             ... on level 2 of the Dungeon.
             The game lasted 00:01:10 (1317 turns).

Peloso the Covered (Minotaur Fighter)               Turns: 1317, Time: 00:01:10

Health: -1/33      AC:  7    Str: 20    XL:     3   Next: 17%
Magic:  2/2        EV:  9    Int:  5    God:
Gold:   30         SH:  4    Dex: 11    Spells: 2/2 levels left

rFire   . . .      SeeInvis .   a - +0 long sword
rCold   . . .      Faith    .   c - +0 buckler
rNeg    . . .      Spirit   .   b - +0 scale mail
rPois   .          Reflect  .   (helmet restricted)
rElec   .          Harm     .   (no cloak)
rCorr   .          Rampage  .   (no gloves)
Will    .....                   (no boots)
Stlth   ..........              (no amulet)
HPRegen 0.11/turn               (no ring)
MPRegen 0.08/turn               (no ring)

@: lethally poisoned (-1 -> -8)
A: horns 2, retaliatory headbutt
a: no special abilities


You were on level 2 of the Dungeon.
You visited 1 branch of the dungeon, and saw 2 of its levels.

You collected 30 gold pieces.

Inventory:

Hand Weapons
 a - a +0 long sword (weapon)
Armour
 b - a +0 scale mail (worn)
 c - a +0 buckler (worn)
Scrolls
 e - a scroll of fear {unknown}
 f - a scroll of amnesia {unknown}
 h - a scroll of identify {unknown}
 j - a scroll of vulnerability {unknown}
 n - a scroll of magic mapping {unknown}
Potions
 d - a potion of might
 g - a potion of flight {unknown}
 i - a potion of magic {unknown}
 k - a potion of ambrosia {unknown}
 l - a potion of curing {unknown}
 m - 2 potions of lignification {unknown}


   Skills:
 + Level 4.1 Fighting
 + Level 2.8 Long Blades
 + Level 4.3 Armour
 + Level 0.2 Dodging
 + Level 4.0 Shields


You had 2 spell levels left.
You didn't know any spells.
Your spell library was empty.

Dungeon Overview and Level Annotations

Branches:
Dungeon (2/15)

Altars:


Innate Abilities, Weirdness & Mutations

You have a pair of horns on your head.
You reflexively headbutt those who attack you in melee.


Message History

An adder is nearby!
An adder is nearby!
The adder bites you.
You are poisoned.
The adder poisons you!
You slash the adder!
The adder is almost dead.
You feel sick. The adder completely misses you. The adder bites you.
You are more poisoned.
The adder poisons you!
You barely miss the adder. Your headbutt misses the adder.
The adder is almost dead.
You feel very sick. The adder bites you.
You are more poisoned.
The adder poisons you!
You barely miss the adder.
The adder is almost dead.
You feel very sick. The adder bites you but does no damage.
The adder bites you.
You are more poisoned.
The adder poisons you!
You miss the adder.
The adder is almost dead.
* * * LOW HITPOINT WARNING * * *
You feel very sick. The adder closely misses you. You block the adder's attack.
You miss the adder.
The adder is almost dead.
* * * LOW HITPOINT WARNING * * *
You feel very sick. The adder barely misses you.
You barely miss the adder.
The adder is almost dead.
* * * LOW HITPOINT WARNING * * *
You feel sick. The adder barely misses you.
The adder bites you but does no damage.
You barely miss the adder. You headbutt the adder.
You kill the adder!
You die...

.................................
#.....###.#######...####.........
##.#..###.# #........#.......#
#........# ####.##.###.##.....##
####.##### #.....#.# #. ##...##
#.# #.....#.# #.# ##+## #.#
#.......# .# #.#### #.# #.....#
###.####.#..( #.# #...@.#
#........#.## #.#
###..####.#.###....# #.#
#.........##.....## #.#
#.#####.#####...... #####.#
#..........###.###. ......#
#######.##......... #######
#<######.#### #........#
##########


There were no monsters in sight!

Vanquished Creatures
  An adder (D:2)
  A dart slug (D:2)
  5 bats
  2 giant cockroaches (D:1)
  2 goblins
  3 hobgoblins (D:1)
  3 jackals (D:1)
  2 kobolds (D:1)
  A quokka (D:1)
  5 ball pythons
  A frilled lizard (D:1)
  3 rats
29 creatures vanquished.

Notes
Turn   | Place    | Note
-------+----------+-------------------------------------------
     0 | D:1      | Peloso the Minotaur Fighter began the quest for the Orb.
     0 | D:1      | Reached XP level 1. HP: 19/19 MP: 0/0
   164 | D:1      | Reached XP level 2. HP: 11/27 MP: 1/1
   534 | D:1      | Found a faded altar of an unknown god.
  1057 | D:2      | Reached XP level 3. HP: 33/33 MP: 2/2
  1316 | D:2      | HP: 1/33 [poisoned by an adder]
  1317 | D:2      | Succumbed to an adder's poison

Illustrated notes

Levels and vault maps discovered:
D:1:      eino_arrival_water_cross, layout_basic,
          nicolae_ecumenical_snake_handling
D:2:      layout_loops_corners

Skill      XL: |  1  2 |
---------------+-------+-----
Armour         | 4 |  4.3
Shields        | 4 |  4.0
Fighting       | 4 |  4.1
Long Blades    | |  2.8
Dodging        | |  0.2

Action                   || total
-------------------------++-------
Melee: Long sword        ||    57
       Headbutt          ||    12
Armor: Scale mail        ||    50
Dodge: Dodged            ||    46
Block: Buckler           ||    23
